IL
SYRACUSE CHIEFS @ INDIANAPOLIS INDIANS
08/02/2099
 
TOP OF THE 1ST
Syracuse Chiefs batting - Pitching for Indianapolis Indians : LHP Xavier Thomas
Pitching: LHP Xavier Thomas
Batting: LHB Tom Monroe 0-0: Ball
1-0: Foul Ball, location: 3DF
1-1: Foul Ball, location: 9LSFF
1-2: Ball
2-2: SOLO HOME RUN (Flyball, 7D, EV 100.6 MPH), Distance : 401 ft
Batting: RHB Omar Flores 0-0: Ball
1-0: Swinging Strike
1-1: Foul Ball, location: 2F
1-2: Foul Ball, location: 2RF
1-2: Strikes out swinging
Batting: LHB Jesus Medrano 0-0: Called Strike
0-1: Ball
1-1: Called Strike
1-2: Ball
2-2: Ball
3-2: Ground out 6-3 (Groundball, 6, EV 106.9 MPH)
Batting: RHB Ryan Carey 0-0: Called Strike
0-1: Ball
1-1: Ball
2-1: Ball
3-1: Base on Balls
Batting: RHB Mike Hoffman 0-0: Ball
1-0: Ball
2-0: Ball
3-0: Base on Balls
Ryan Carey to second
Batting: SHB Randy Marsh 0-0: Ground out 4-3 (Groundball, 4, EV 90.6 MPH)
Top of the 1st over - 1 run, 1 hit, 0 errors, 2 left on base; Syracuse 1 - Indianapolis 0
BOTTOM OF THE 1ST
Indianapolis Indians batting - Pitching for Syracuse Chiefs : RHP Steve Jordan
Pitching: RHP Steve Jordan
Batting: LHB Travis Hicks 0-0: Ball
1-0: Called Strike
1-1: Ball
2-1: Swinging Strike
2-2: Foul Ball, location: 5DF
2-2: Ball
3-2: SINGLE (Line Drive, 34, EV 94.4 MPH)
Batting: RHB Randy Wilson 0-0: Swinging Strike
0-1: Ball
1-1: Called Strike
1-2: Foul Ball, location: 2LF
1-2: Foul Ball, location: 23F
1-2: Ball
2-2: Foul Ball, location: 9LDF
2-2: Ball
3-2: Grounds into double play, 6-4-3 (Groundball, 6, EV 103.8 MPH)
Batting: LHB Josue Lopez 0-0: Ball
1-0: Swinging Strike
1-1: Ball
2-1: Called Strike
2-2: Ball
3-2: Foul Ball, location: 25F
3-2: Strikes out swinging
Bottom of the 1st over - 0 runs, 1 hit, 0 errors, 0 left on base; Syracuse 1 - Indianapolis 0
TOP OF THE 2ND
Syracuse Chiefs batting - Pitching for Indianapolis Indians : LHP Xavier Thomas
Batting: LHB Gene Ratcliff 0-0: Ground out 4-3 (Groundball, 4, EV 101.3 MPH)
Batting: RHB Brandon Blankenship 0-0: Foul Ball, location: 2F
0-1: Foul Ball, location: 3FF
0-2: Foul Ball, location: 2F
0-2: Ball
1-2: Ball
2-2: Foul Ball, location: 9LMF
2-2: Foul Ball, location: 9LSF
2-2: Strikes out swinging
Batting: RHB Faical Giraldes 0-0: Ball
1-0: Called Strike
1-1: Ball
2-1: Ball
3-1: Foul Ball, location: 9LSF
3-2: SINGLE (Line Drive, 78S, EV 85.6 MPH)
Batting: LHB Tom Monroe 0-0: Ball
1-0: Foul Ball, location: 2RF
1-1: Ball
2-1: Foul Ball, location: 25FF
2-2: Strikes out looking
Top of the 2nd over - 0 runs, 1 hit, 0 errors, 1 left on base; Syracuse 1 - Indianapolis 0
BOTTOM OF THE 2ND
Indianapolis Indians batting - Pitching for Syracuse Chiefs : RHP Steve Jordan
Batting: RHB Kevin Wallace 0-0: Called Strike
0-1: Ball
1-1: Swinging Strike
1-2: Foul Ball, location: 3SF
1-2: Ball
2-2: Foul Ball, location: 2F
2-2: Strikes out swinging
Batting: RHB Mike Mellor 0-0: Ball
1-0: Ground out 5-3 (Groundball, 56S, EV 65.6 MPH)
Batting: RHB Santos Vazquez 0-0: Foul Ball, location: 2F
0-1: Foul Ball, location: 25F
0-2: Ball
1-2: Ball
2-2: Ball
3-2: SINGLE (Line Drive, 7S, EV 108.8 MPH)
Batting: RHB Jesse Pfenning 0-0: Ball
1-0: Foul Ball, location: 2RF
1-1: Fly out, F8 (Flyball, 89D, EV 108.8 MPH)
Bottom of the 2nd over - 0 runs, 1 hit, 0 errors, 1 left on base; Syracuse 1 - Indianapolis 0
TOP OF THE 3RD
Syracuse Chiefs batting - Pitching for Indianapolis Indians : LHP Xavier Thomas
Batting: RHB Omar Flores 0-0: Fly out, F7 (Flyball, 7, EV 78.1 MPH)
Batting: LHB Jesus Medrano 0-0: Ball
1-0: Ball
2-0: Called Strike
2-1: DOUBLE (Line Drive, 89D, EV 109.4 MPH)
Batting: RHB Ryan Carey 0-0: SINGLE (Groundball, P, EV 88.8 MPH) (infield hit)
Jesus Medrano to third
Batting: RHB Mike Hoffman 0-0: Ball
1-0: Called Strike
1-1: Called Strike
1-2: Strikes out swinging
Batting: SHB Randy Marsh 0-0: Swinging Strike
0-1: Foul Ball, location: 2LF
0-2: Ground out 4-3 (Groundball, 4D, EV 103.1 MPH)
Top of the 3rd over - 0 runs, 2 hits, 0 errors, 2 left on base; Syracuse 1 - Indianapolis 0
BOTTOM OF THE 3RD
Indianapolis Indians batting - Pitching for Syracuse Chiefs : RHP Steve Jordan
Batting: RHB Jeremiah Coleman 0-0: Called Strike
0-1: Foul Ball, location: 5F
0-2: Ball
1-2: SINGLE (Groundball, P, EV 82.5 MPH) (infield hit)
Batting: RHB Brett Dunlap 0-0: Ball
1-0: Bunt missed!
1-1: Bunt - Flyout to 13S! F1
Batting: LHB Travis Hicks 0-0: Ball
1-0: Foul Ball, location: 3FF
1-1: Fly out, F4 (Popup, 4MD, EV 66.3 MPH)
Batting: RHB Randy Wilson 0-0: Ball
1-0: Called Strike
1-1: Swinging Strike
1-2: Ball
2-2: Ball
3-2: Base on Balls
Jeremiah Coleman to second
Batting: LHB Josue Lopez 0-0: Ball
1-0: Swinging Strike
1-1: Ball
2-1: SINGLE (Groundball, 6MD, EV 105.6 MPH)
Jeremiah Coleman to third
Randy Wilson to second
Runner from 3rd tries for Home, SAFE, throw by CF to home
Batting: RHB Kevin Wallace 0-0: Swinging Strike
0-1: Called Strike
0-2: Strikes out swinging
Bottom of the 3rd over - 1 run, 2 hits, 0 errors, 2 left on base; Syracuse 1 - Indianapolis 1
TOP OF THE 4TH
Syracuse Chiefs batting - Pitching for Indianapolis Indians : LHP Xavier Thomas
Batting: LHB Gene Ratcliff 0-0: Called Strike
0-1: Ball
1-1: Called Strike
1-2: SINGLE (Line Drive, 4D, EV 101.3 MPH)
Batting: RHB Brandon Blankenship 0-0: Fly out, F8 (Flyball, 8RM, EV 77.5 MPH)
Batting: RHB Faical Giraldes 0-0: Called Strike
Gene Ratcliff is caught stealing 2nd base 2-4
0-1: Called Strike
0-2: Strikes out swinging
Top of the 4th over - 0 runs, 1 hit, 0 errors, 0 left on base; Syracuse 1 - Indianapolis 1
BOTTOM OF THE 4TH
Indianapolis Indians batting - Pitching for Syracuse Chiefs : RHP Steve Jordan
Batting: RHB Mike Mellor 0-0: Ball
1-0: SOLO HOME RUN (Flyball, 7D, EV 111.3 MPH), Distance : 435 ft
Batting: RHB Santos Vazquez 0-0: Ball
1-0: Ball
2-0: Foul Ball, location: 2RF
2-1: Ground out 4-3 (Groundball, 4, EV 88.8 MPH)
Batting: RHB Jesse Pfenning 0-0: Swinging Strike
0-1: Foul Ball, location: 2F
0-2: SINGLE (Groundball, 13S, EV 73.1 MPH) (infield hit)
Batting: RHB Jeremiah Coleman 0-0: Ball
1-0: Grounds into double play, 5-4-3 (Groundball, 5L, EV 98.8 MPH)
Bottom of the 4th over - 1 run, 2 hits, 0 errors, 0 left on base; Syracuse 1 - Indianapolis 2
TOP OF THE 5TH
Syracuse Chiefs batting - Pitching for Indianapolis Indians : LHP Xavier Thomas
Batting: LHB Tom Monroe 0-0: Called Strike
0-1: Ball
1-1: Foul Ball, location: 7LDF
1-2: Ground out 6-3 (Groundball, 6, EV 85.0 MPH)
Batting: RHB Omar Flores 0-0: Ball
1-0: Called Strike
1-1: Foul Ball, location: 2F
1-2: Strikes out swinging
Batting: LHB Jesus Medrano 0-0: Called Strike
0-1: Ball
1-1: Ball
2-1: Ball
3-1: Ground out 5-3 (Groundball, 6S, EV 88.1 MPH)
Top of the 5th over - 0 runs, 0 hits, 0 errors, 0 left on base; Syracuse 1 - Indianapolis 2
BOTTOM OF THE 5TH
Indianapolis Indians batting - Pitching for Syracuse Chiefs : RHP Steve Jordan
Batting: RHB Brett Dunlap 0-0: Ball
1-0: Fly out, F8 (Flyball, 78D, EV 85.6 MPH)
Batting: LHB Travis Hicks 0-0: Ball
1-0: Ball
2-0: Ball
3-0: Base on Balls
Batting: RHB Randy Wilson 0-0: Ball
1-0: Foul Ball, location: 9LDF
1-1: Ball
2-1: Foul Ball, location: 2F
2-2: Fly out, F8 (Flyball, 8RXD, EV 93.1 MPH)
Batting: LHB Josue Lopez 0-0: Swinging Strike
0-1: Ball
1-1: Ball
2-1: DOUBLE (Line Drive, 7LM, EV 93.8 MPH)
Travis Hicks to third
Batting: RHB Kevin Wallace 0-0: Ball
1-0: Ball
2-0: Ball
3-0: Base on Balls
Batting: RHB Mike Mellor 0-0: Fly out, F8 (Flyball, 8LM, EV 90.0 MPH)
Bottom of the 5th over - 0 runs, 1 hit, 0 errors, 3 left on base; Syracuse 1 - Indianapolis 2
TOP OF THE 6TH
Syracuse Chiefs batting - Pitching for Indianapolis Indians : LHP Xavier Thomas
Batting: RHB Ryan Carey 0-0: Swinging Strike
0-1: Hit by Pitch
Batting: RHB Mike Hoffman 0-0: Called Strike
0-1: Ball
Wild Pitch!
Ryan Carey to second
1-1: Foul Ball, location: 2F
1-2: Foul Ball, location: 2F
1-2: Foul Ball, location: 7LDF
1-2: Ball
2-2: Ball
3-2: Ground out 5-3 (Groundball, 56, EV 72.5 MPH)
Pitching: LHP Glenn Farish
Batting: SHB Randy Marsh 0-0: Called Strike
0-1: Fly out, F6 (Line Drive, 6MD, EV 63.8 MPH)
Lined into DP, 6-4 (Line Drive, 6MD, EV 63.8 MPH)
Top of the 6th over - 0 runs, 0 hits, 0 errors, 0 left on base; Syracuse 1 - Indianapolis 2
BOTTOM OF THE 6TH
Indianapolis Indians batting - Pitching for Syracuse Chiefs : RHP Steve Jordan
Batting: RHB Santos Vazquez 0-0: Called Strike
0-1: Called Strike
0-2: Ball
1-2: Strikes out looking
Batting: RHB Jesse Pfenning 0-0: Foul Ball, location: 3F
0-1: Ball
1-1: Swinging Strike
1-2: Strikes out looking
Batting: RHB Jeremiah Coleman 0-0: Called Strike
0-1: Fly out, F9 (Flyball, 89M, EV 93.1 MPH)
Bottom of the 6th over - 0 runs, 0 hits, 0 errors, 0 left on base; Syracuse 1 - Indianapolis 2
TOP OF THE 7TH
Syracuse Chiefs batting - Pitching for Indianapolis Indians : LHP Glenn Farish
Now at 1B: Santos Vazquez
Now in LF: Matt Kamowski
Batting: LHB Gene Ratcliff 0-0: Called Strike
0-1: Foul Ball, location: 25FF
0-2: Ball
1-2: Ball
2-2: Ball
3-2: Foul Ball, location: 2F
3-2: Strikes out swinging
Batting: RHB Brandon Blankenship 0-0: Called Strike
0-1: Ball
1-1: Called Strike
1-2: Fly out, F8 (Flyball, 89S, EV 95.0 MPH)
Batting: RHB Faical Giraldes 0-0: Called Strike
0-1: Called Strike
0-2: Ball
1-2: Ground out 6-3 (Groundball, 6, EV 86.9 MPH)
Top of the 7th over - 0 runs, 0 hits, 0 errors, 0 left on base; Syracuse 1 - Indianapolis 2
BOTTOM OF THE 7TH
Indianapolis Indians batting - Pitching for Syracuse Chiefs : RHP Steve Jordan
Batting: RHB Brett Dunlap 0-0: Called Strike
0-1: Swinging Strike
0-2: Ball
1-2: Ball
2-2: Foul Ball, location: 5SF
2-2: SINGLE (Groundball, 6MD, EV 99.4 MPH)
Pitching: LHP Shane Phillips
Batting: LHB Travis Hicks 0-0: Ball
1-0: Ball
2-0: Ball
3-0: Base on Balls
Brett Dunlap to second
Batting: RHB Randy Wilson 0-0: Swinging Strike
0-1: Called Strike
0-2: Ball
1-2: Ball
2-2: Ball
3-2: Foul Ball, location: 5F
3-2: Foul Ball, location: 3SF
3-2: Foul Ball, location: 2F
3-2: Base on Balls
Brett Dunlap to third
Travis Hicks to second
Batting: LHB Josue Lopez 0-0: Foul Ball, location: 2F
0-1: Foul Ball, location: 7LMF
0-2: Ball
1-2: Foul Ball, location: 25F
1-2: Fly out, F7 (Flyball, 7LD, EV 86.9 MPH)
Batting: RHB Matt Kamowski 0-0: Ball
1-0: Fly out, F8 (Flyball, 8RS, EV 79.4 MPH)
Batting: RHB Mike Mellor 0-0: Ball
1-0: Foul Ball, location: 23FF
1-1: Called Strike
1-2: Ball
2-2: Foul Ball, location: 2F
2-2: Strikes out looking
Bottom of the 7th over - 0 runs, 1 hit, 0 errors, 3 left on base; Syracuse 1 - Indianapolis 2
TOP OF THE 8TH
Syracuse Chiefs batting - Pitching for Indianapolis Indians : LHP Glenn Farish
Pitching: RHP Ken Gattenby
Now in RF: Bob Peterson
Batting: LHB Tom Monroe 0-0: Called Strike
0-1: Ball
1-1: Swinging Strike
1-2: Strikes out swinging
Batting: RHB Omar Flores 0-0: Ball
1-0: DOUBLE (Flyball, 89XD, EV 105.6 MPH)
Batting: LHB Jesus Medrano 0-0: Ball
1-0: Foul Ball, location: 5DF
1-1: Foul Ball, location: 2F
1-2: Foul Ball, location: 7LDF
1-2: Ball
2-2: Ground out 4-3 (Groundball, 34, EV 100.0 MPH)
Omar Flores to third
Batting: RHB Ryan Carey 0-0: Ground out 5-3 (Groundball, 56, EV 103.1 MPH)
Top of the 8th over - 0 runs, 1 hit, 0 errors, 1 left on base; Syracuse 1 - Indianapolis 2
BOTTOM OF THE 8TH
Indianapolis Indians batting - Pitching for Syracuse Chiefs : LHP Shane Phillips
Batting: RHB Santos Vazquez 0-0: Ball
1-0: Foul Ball, location: 9LDF
1-1: Ball
2-1: Foul Ball, location: 2F
2-2: Fly out, F7 (Flyball, 7, EV 77.5 MPH)
Batting: RHB Jesse Pfenning 0-0: Ball
1-0: Swinging Strike
1-1: Ball
2-1: Swinging Strike
2-2: Foul Ball, location: 9LDF
2-2: Foul Ball, location: 2F
2-2: Fly out, F9 (Flyball, 9S, EV 76.9 MPH)
Batting: RHB Jeremiah Coleman 0-0: Ball
1-0: Ball
2-0: Ball
3-0: Base on Balls
Batting: RHB Brett Dunlap 0-0: Ball
1-0: Called Strike
1-1: Ball
2-1: SINGLE (Groundball, 4M, EV 101.9 MPH) (infield hit)
Jeremiah Coleman to second
Batting: SHB Bob Peterson 0-0: Ball
1-0: Foul Ball, location: 2F
1-1: Foul Ball, location: 9LSF
1-2: Strikes out swinging
Bottom of the 8th over - 0 runs, 1 hit, 0 errors, 2 left on base; Syracuse 1 - Indianapolis 2
TOP OF THE 9TH
Syracuse Chiefs batting - Pitching for Indianapolis Indians : RHP Ken Gattenby
Batting: RHB Mike Hoffman 0-0: Reached via error on a dropped throw from SS, E3 (Groundball, 56S, EV 82.5 MPH)
Batting: SHB Randy Marsh 0-0: Ball
1-0: Ball
2-0: Ball
3-0: Called Strike
3-1: Bunted foul
3-2: Fly out, F6 (Line Drive, 56D, EV 83.1 MPH)
Batting: LHB Gene Ratcliff 0-0: Called Strike
0-1: Fly out, F8 (Flyball, 8RD, EV 94.4 MPH)
Pinch Hitting: LHB Juan Chavez 0-0: Fly out, F8 (Flyball, 8RS, EV 93.8 MPH)
Top of the 9th over - 0 runs, 0 hits, 1 error, 1 left on base; Syracuse 1 - Indianapolis 2
Monday, May 13th , 2024 - OOTP Baseball 24.11 Build 85